 Dungeon Crawl Stone Soup version 0.22-a0-480-g991dd4b (webtiles) character file.

60 Laiders72 the Caller (level 3, -1/20 HPs)
             Began as a Deep Elf Summoner on June 15, 2018.
             Slain by galech's ghost (2 damage)
             ... on level 3 of the Dungeon.
             The game lasted 00:05:48 (2786 turns).

Laiders72 the Caller (Deep Elf Summoner)            Turns: 2786, Time: 00:05:48

Health: -1/20      AC:  2    Str:  5    XL:     3   Next: 82%
Magic:  1/10       EV: 13    Int: 20    God:
Gold:   45         SH:  0    Dex: 15    Spells: 4/10 levels left

rFire    . . .     SeeInvis .   i - +0 spear (pierce)
rCold    . . .     Gourm    .   (no shield)
rNeg     . . .     Faith    .   a - +0 robe
rPois    .         Spirit   .   (no helmet)
rElec    .         Reflect  .   f - scarf {repulsion}
rCorr    .         Harm     .   (no gloves)
MR       .....                  (no boots)
Stlth    ++........             (no amulet)
HPRegen  0.06/turn              (no ring)
MPRegen  0.12/turn              (no ring)

@: repel missiles
A: no striking features
a: no special abilities


You were on level 3 of the Dungeon.
You were very hungry.

You visited 1 branch of the dungeon, and saw 3 of its levels.

You collected 45 gold pieces.

Inventory:

Hand Weapons
 i - a +0 spear of piercing (weapon)
Missiles
 d - 88 arrows
Armour
 a - a +0 robe (worn)
 f - a scarf of repulsion (worn)
Scrolls
 e - a scroll of magic mapping {unknown}
 g - a scroll of remove curse {unknown}
Potions
 b - 2 potions of resistance {unknown}
 h - a potion of ambrosia {unknown}
 j - a potion of might {unknown}
 k - a potion of invisibility {unknown}
 l - 2 potions of heal wounds
Comestibles
 c - 3 rations


   Skills:
 + Level 0.7 Fighting
 + Level 2.8 Dodging
 + Level 3.1 Stealth
 * Level 4.0 Spellcasting
 * Level 4.9 Summonings


You had 4 spell levels left.
You knew the following spells:

 Your Spells              Type           Power        Failure   Level  Hunger
a - Summon Small Mammal   Summ           ###.         1%          1    None
b - Call Imp              Summ           ###.....     2%          2    #......
c - Call Canine Familiar  Summ           ###.....     4%          3    ###....

Your spell library contained the following spells:

 Spells                   Type           Power        Failure   Level  Hunger
 Summon Ice Beast         Ice/Summ       ##......     43%         4    ####...
 Summon Lightning Spire   Summ/Air       ##......     43%         4    ####...
 Summon Guardian Golem    Hex/Summ       ##......     14%         3    ###....


Dungeon Overview and Level Annotations

Branches:
Dungeon (3/15)

Altars:
Ru

Annotations:
D:3 galech's ghost, amateur OgBe


Message History

* * * LOW HITPOINT WARNING * * *
Casting: Call Imp (safe; 2% risk of failure)
Confirm with . or Enter, or press ? or * to list all spells.
Galech's ghost screams in joy, "As in life, so in death: Kill!
Kill!!
Kill!!!"
Galech's ghost barely misses you.
Your bat hits galech's ghost but does no damage.
Galech's ghost hits you.
* * * LOW HITPOINT WARNING * * *
Your bat misses galech's ghost.
Your bat hits galech's ghost but does no damage.
Your bat hits galech's ghost but does no damage.
Your bat barely misses galech's ghost.
Attack whom?
Press: ? - help, Dir - move target cursor, f - galech's ghost
Aim: galech's ghost (almost destroyed)
You reach to attack!
You hit galech's ghost but do no damage.
Galech's ghost is almost destroyed.
Your bat barely misses galech's ghost.
Galech's ghost hits you.
You die...

##########
.........#
....[....###########
####.###.†..b..W@..#
#. ######.####.# #s
#.# #.# #5 #.# #.#
.. #.# #.# .. #.#
#.# .> #.# #.# #.#
#.# #.#


You could see galech's ghost and a friendly bat.

Vanquished Creatures
  An adder (D:2)
  A giant cockroach (D:3)
  3 goblins
  2 hobgoblins (D:1)
  2 bats (D:1)
  A frilled lizard (D:1)
  A rat (D:1)
11 creatures vanquished.

Vanquished Creatures (collateral kills)
  A scorpion (D:3)
  An ooze (D:1)
  A leopard gecko (D:2)
  A giant cockroach (D:1)
  3 goblins (D:1)
  5 hobgoblins
  A ball python (D:1)
  2 bats (D:1)
  5 kobolds (D:1)
  4 rats (D:1)
24 creatures vanquished.

Grand Total: 35 creatures vanquished

Notes
Turn   | Place    | Note
-------+----------+-------------------------------------------
     0 | D:1      | Laiders72 the Deep Elf Summoner began the quest for the Orb.
     0 | D:1      | Reached XP level 1. HP: 10/10 MP: 6/6
   405 | D:1      | Reached XP level 2. HP: 7/15 MP: 5/8
   554 | D:1      | Learned a level 2 spell: Call Imp
  1670 | D:2      | Found a faded altar of an unknown god.
  2137 | D:2      | Reached XP level 3. HP: 20/20 MP: 8/10
  2436 | D:2      | Found a sacrificial altar of Ru.
  2565 | D:3      | Noticed a scorpion
  2585 | D:3      | Killed a scorpion
  2718 | D:3      | Learned a level 3 spell: Call Canine Familiar
  2736 | D:3      | Noticed galech's ghost (amateur OgBe)
  2783 | D:3      | HP: 1/20 [galech's ghost (4)]
  2786 | D:3      | Slain by galech's ghost

Vault maps used:
D:1:      minmay_arrival_widening_spiral_narrow, hangedman_decor_push
D:2:      nicolae_ru_path_of_blood, first_ration,
          chequers_ecumenical_altar_island, hex_large
D:3:      nemelex_xobeh_ov_fountains_minmay, overflow_temple_1_default

Skill      XL: |  1  2  3 |
---------------+----------+-----
Stealth        | 3 |  3.1
Spellcasting   | 4 |  4.0
Fighting       | |  0.7
Dodging        | |  2.8
Summonings     | |  4.9

Action                   || total
-------------------------++-------
Melee: Unarmed           ||    13
       Spear             ||    41
 Cast: Summon Small Mamm ||    32
       Call Imp          ||     6
       Call Canine Famil ||     2
  Use: Scroll            ||     1
       Potion            ||     1
 Stab: Distracted        ||     1
  Eat: Ration            ||     1
       Chunk             ||     1
Armor: Robe              ||    13
Dodge: Dodged            ||    53

Table legend:
 A = Spawn XP
 B = Non-spawn XP
 C = Spawn XP percentage of total XP
 D = Spawn monster count
 E = Non-spawn monster count
 F = Spawn count percentage of total count
 G = Total turns spent on level
                    A         B        C        D         E        F      G
               +---------+---------+-------+---------+---------+-------+---------
         Total |       0 |      87 |   0.0 |       0 |      35 |   0.0 |  2786
               +---------+---------+-------+---------+---------+-------+---------
           D:1 |       0 |      36 |   0.0 |       0 |      28 |   0.0 |  1670
           D:2 |       0 |      15 |   0.0 |       0 |       5 |   0.0 |   895
           D:3 |       0 |      36 |   0.0 |       0 |       2 |   0.0 |   221
               +---------+---------+-------+---------+---------+-------+---------
